 Dungeon Crawl Stone Soup version 0.29-a0-775-g4d7333d4e2 (webtiles) character file.

Game seed: 6574428057213299868

92 xian the Conjurer (level 4, -2/30 HPs)
             Began as a Demonspawn Wanderer on July 1, 2022.
             Was an Initiate of Gozag.
             Slain by a scorpion (6 damage)
             ... on level 4 of the Dungeon.
             The game lasted 00:14:37 (3764 turns).

xian the Conjurer (Demonspawn Wanderer)             Turns: 3764, Time: 00:14:38

Health: -2/30      AC:  6    Str: 14    XL:     4   Next: 35%
Magic:  0/5        EV: 11    Int: 18    God:    Gozag
Gold:   140        SH:  2    Dex:  8    Spells: 2/5 levels left

rFire   + . .      SeeInvis .   a - +0 club
rCold   + . .      Faith    .   r - +0 buckler
rNeg    . . .      Spirit   +   c - +0 robe
rPois   +          Reflect  .   (no helmet)
rElec   +          Harm     .   (no cloak)
rCorr   +          Rampage  .   q - +1 pair of gloves
Will    .....                   (no boots)
Stlth   +.........              p - amulet of guardian spirit
HPRegen 0.10/turn               l - ring of resist corrosion
MPRegen 0.09/turn               (no ring)

@: resistant (expiring), gold aura
A: slimy green scales 1
a: Renounce Religion, Potion Petition, Call Merchant, Bribe Branch


You were on level 4 of the Dungeon.
You worshipped Gozag.
Gozag was aware of your devotion.
You visited 1 branch of the dungeon, and saw 4 of its levels.

You collected 175 gold pieces.
You paid 35 gold pieces to Gozag.

Inventory:

Hand Weapons
 a - a +0 club (weapon)
 g - a +0 dagger
Armour
 c - a +0 robe (worn)
 q - a +1 pair of gloves (worn)
 r - a +0 buckler (worn)
Magical Staves
 m - a staff of conjuration
Jewellery
 l - a ring of resist corrosion (left hand)
 p - an amulet of guardian spirit (around neck)
Wands
 d - a wand of flame (26)
Scrolls
 f - a scroll of vulnerability
 j - a scroll of poison
 k - 2 scrolls of immolation
 s - 2 scrolls of identify
Potions
 e - 3 potions of curing
 i - a potion of mutation


   Skills:
 + Level 0.1 Fighting
 + Level 1.3 Maces & Flails
 + Level 2.0 Dodging
 + Level 1.2 Spellcasting
 + Level 5.1 Conjurations
 + Level 1.0 Translocations
 + Level 0.8 Air Magic
 + Level 2.0 Evocations


You had 2 spell levels left.
You knew the following spells:

 Your Spells              Type           Power      Damage    Failure   Level
a - Shock                 Conj/Air       44%        1d5       8%          1
b - Searing Ray           Conj           38%        2d5       4%          2

Your spell library contained the following spells:

 Spells                   Type           Power      Damage    Failure   Level
 Apportation              Tloc           8%         N/A       19%         1
 Gell's Gravitas          Tloc           4%         N/A       47%         3
 Flame Wave               Conj/Fire      10%        2d5       67%         4


Dungeon Overview and Level Annotations

Branches:
Dungeon (4/15)
 Temple: D:4-7

Altars:
Gozag

Shops:
D:1 :


Innate Abilities, Weirdness & Mutations

You are partially covered in slimy green scales. (AC +2)


Message History

Your surroundings suddenly seem different.
A scorpion comes into view.
Found a scroll of identify.
Found a stone staircase leading up.
Found a club.
A giant cockroach comes into view.
You see here a scroll of identify.
s - 2 scrolls of identify (gained 1)
You block the giant cockroach's attack.
The giant cockroach bites you but does no damage.
The giant cockroach bites you but does no damage.
The giant cockroach attacks as you move away!
The giant cockroach barely misses you.
The giant cockroach attacks as you move away!
The giant cockroach bites you but does no damage.
The scorpion attacks as you move away! The scorpion closely misses you.
The scorpion attacks as you move away! The scorpion closely misses you.
You start to feel less resistant.
The giant cockroach barely misses you.
Casting: Searing Ray (safe; 4% risk of failure)
Confirm with . or Enter, or press ? or * to list all spells.
Aiming: Searing Ray (safe; 4% risk of failure)
Press: ? - help, Shift-Dir - straight line, f - scorpion
Aim: a scorpion (78% to hit)
The searing ray hits the giant cockroach.
The giant cockroach is heavily wounded.
The searing ray hits the scorpion.
The scorpion is moderately wounded. (Press . to maintain the ray.)
The giant cockroach barely misses you.
The searing ray hits the giant cockroach.
You kill the giant cockroach!
The searing ray misses the scorpion.
The searing ray hits the scorpion.
The scorpion is severely wounded.
The scorpion stings you.
You hit the scorpion but do no damage.
The scorpion is severely wounded.
The scorpion stings you.
You die...
Your body crumbles into a pile of gold.

#.##.###.#..# #)##..#
.### . #.
#.#..###.#...# .... .
#. #......^.....##..#
#.###.#..#......#
...#
......#......##...#
#.##.#........<..#
#................##
###.##...............
#...@s...............
#.#.####.............
#. #.....###.##.. ..
#.....# .# .# .#.
####..# .# # ....
...# .# ## #. ##..#
#. ...


You could see a scorpion.

Vanquished Creatures
  3 adders
  A worm (D:2)
  6 dart slugs
  7 ball pythons
  7 endoplasms
  A giant cockroach (D:4)
  3 goblins
  3 hobgoblins
  4 jackals (D:1)
  2 quokkas
  3 bats
  4 frilled lizards
  3 kobolds (D:1)
  3 rats
50 creatures vanquished.

Notes
Turn   | Place    | Note
-------+----------+-------------------------------------------
     0 | D:1      | xian the Demonspawn Wanderer began the quest for the Orb.
     0 | D:1      | xian set off with the following items: a +0 club, a scroll
                  | of blinking, a +0 robe, a wand of flame (4); and the
                  | following spells available to memorise: Searing Ray, Shock,
                  | Apportation, Gell's Gravitas, Flame Wave.
     0 | D:1      | Reached XP level 1. HP: 13/13 MP: 2/2
     2 | D:1      | Learned a level 1 spell: Shock
   171 | D:1      | Gained mutation: You are partially covered in slimy green
                  | scales. (AC +2) [demonic ancestry]
   171 | D:1      | Reached XP level 2. HP: 15/19 MP: 0/3
   234 | D:1      | Found Dicsi's Book Boutique.
  1185 | D:1      | Reached XP level 3. HP: 15/24 MP: 1/4
  1765 | D:2      | Found a faded altar of an unknown god.
  2371 | D:2      | Reached skill level 5 in Conjurations
  2562 | D:2      | Reached XP level 4. HP: 24/30 MP: 0/5
  2565 | D:2      | Learned a level 2 spell: Searing Ray
  2994 | D:3      | Reached skill level 1 in Maces & Flails
  3386 | D:3      | Found an opulent altar of Gozag.
  3395 | D:3      | Became a worshipper of Gozag Ym Sagoz the Greedy
  3748 | D:4      | Noticed a scorpion
  3764 | D:4      | Slain by a scorpion

Illustrated notes

Levels and vault maps discovered:
D:1:      scummos_arrival_checkerplants, layout_basic, serial_shops, shop
D:2:      layout_basic, hellmonk_ecumenical_altar_blasted,
          chequers_serial_rivers_large_a
D:3:      layout_loops_cross, nicolae_overflow_crystal_walls,
          minmay_misc_feat_hallway, lemuel_old_faithful
D:4:      layout_basic, gup_sewer_entry_pipe, chequers_serial_rivers_small_a

Skill      XL: |  1  2  3  4 |
---------------+-------------+-----
Conjurations   | 5 |  5.1
Dodging        | 2 |  2.0
Maces & Flails | 1 |  1.3
Fighting       | |  0.1
Spellcasting   | |  1.2
Translocations | |  1.0
Air Magic      | |  0.8
Evocations     | |  2.0

Action                   |  1- 3 |  4- 6 || total
-------------------------+-------+-------++-------
Melee: Club              |    78 |    12 ||    90
 Cast: Shock             |    73 |       ||    73
       Searing Ray       |       |    13 ||    13
Evoke: Wand              |     1 |       ||     1
  Use: Scroll            |     3 |     4 ||     7
       Potion            |       |     2 ||     2
Armor: Robe              |    32 |    20 ||    52
Dodge: Dodged            |    44 |    59 ||   103
Block: Buckler           |       |     6 ||     6

Table legend: (Time is in decaauts)
 A = Elapsed time spent in this place.
 B = Non-inter-level travel time spent in this place.
 C = Inter-level travel time spent in this place.
 D = Time resting spent in this place.
 E = Time spent auto-exploring this place.
 F = Levels seen in this place.
 G = Mean time per level.
                   A        B        C        D        E       F      G
               +--------+--------+--------+--------+--------+-----+--------+
         Total |   3793 |   3736 |     57 |      0 |   2919 |   4 |  948.2 |
       Dungeon |   3793 |   3736 |     57 |      0 |   2919 |   4 |  948.2 |
               +--------+--------+--------+--------+--------+-----+--------+

Top non-repeatable levels by time:
     D:1: 1664 daAuts
     D:2: 1101 daAuts
     D:3: 931 daAuts
     D:4: 96 daAuts
